 Dungeon Crawl Stone Soup version 0.21-a0-361-g4efd3f9 (webtiles) character file.

62558 Dfrag the Destroyer (level 14, -12/85 HPs)
             Began as a Demonspawn Fire Elementalist on Oct 13, 2017.
             Was a High Priest of Vehumet.
             Killed from afar by a thorn hunter (32 damage)
             ... with a volley of thorns
             ... on level 1 of the Swamp on Oct 14, 2017.
             The game lasted 00:40:57 (18616 turns).

Dfrag the Destroyer (Demonspawn Fire Elementalist) Turns: 18616, Time: 00:40:57

Health: -12/85     AC: 13    Str:  7 (8)  XL:     14   Next: 64%
Magic:  11/52      EV: 11    Int: 25      God:    Vehumet [*****.]
Gold:   1197       SH:  0    Dex: 14      Spells: 16/40 levels left

rFire    + . .     SeeInvis .   o - staff of power
rCold    x . .     Gourm    +   (no shield)
rNeg     . . .     Faith    .   A - +1 leather armour of Pride {Int+3}
rPois    .         Spirit   .   (helmet unavailable)
rElec    .         Reflect  .   e - +2 cloak
rCorr    .         Harm     .   S - +2 pair of gloves
MR       +....                  (no boots)
Stlth    ++........             P - amulet of the gourmand
HPRegen  3.24/turn              r - ring of magical power
MPRegen  0.33/turn              j - ring of fire

@: lethally poisoned (-12 -> -12)
A: horns 3, molten scales 2, deterioration 1, low mp 1, mutation resistance 1,
powered by death 2, powered by pain 2
a: Renounce Religion


You were on level 1 of the Swamp.
You worshipped Vehumet.
Vehumet was extremely pleased with you.
You were very full.

You visited 5 branches of the dungeon, and saw 24 of its levels.
You also visited: Sewer.

You collected 1533 gold pieces.
You spent 336 gold pieces at shops.

Inventory:

Hand Weapons
 t - a +2 dagger of venom
Armour
 e - a +2 cloak (worn)
 A - the +1 leather armour of Pride (worn) {Int+3}
   (You bought it in a shop on level 4 of the Dungeon)

   It affects your intelligence (+3).
 S - a +2 pair of gloves (worn)
Magical Staves
 o - an uncursed staff of power (weapon)
 u - an uncursed staff of air
Jewellery
 a - the ring of Summer {rC+ Str+4}
   (You found it on level 6 of the Dungeon)

   [ring of protection from cold]

   It affects your strength (+4).
   It protects you from cold.
 b - an uncursed ring of fire
 h - an uncursed ring of resist corrosion {unknown}
 j - a ring of fire (right hand)
 r - a ring of magical power (left hand)
 P - an amulet of the gourmand (around neck)
 X - an uncursed ring of wizardry
Wands
 s - a wand of iceblast (13/15)
 N - a wand of acid (9/15)
 Q - a wand of paralysis (15/24)
 R - a wand of lightning (6/15)
 Y - a wand of digging (13/24)
Scrolls
 f - 10 scrolls of remove curse
 i - 2 scrolls of magic mapping
 k - 14 scrolls of teleportation
 p - 3 scrolls of enchant weapon
 q - 2 scrolls of fog
 w - 3 scrolls of fear
 x - 3 scrolls of blinking
 M - 2 scrolls of recharging
 O - 3 scrolls of amnesia
 V - a scroll of summoning
 Z - a scroll of enchant armour
Potions
 d - 5 potions of brilliance
 g - 9 potions of heal wounds
 n - 11 potions of curing
 v - 3 potions of magic {unknown}
 z - 4 potions of flight
 B - a potion of berserk rage {unknown}
 D - 3 potions of agility
 F - a potion of invisibility {unknown}
 I - 3 potions of ambrosia
 K - 3 potions of lignification {unknown}
 L - 4 potions of cancellation {unknown}
 U - 3 potions of resistance {unknown}
 W - 2 potions of haste {unknown}
Books
 y - a book of Conjurations

   Spells                             Type                      Level
   a - Magic Dart                     Conjuration                  1
   b - Searing Ray                    Conjuration                  2
   c - Dazzling Spray                 Conjuration/Hexes            3
   d - Fulminant Prism                Conjuration/Hexes            4
   e - Force Lance                    Conjuration/Translocation    4
   f - Iskenderun's Mystic Blast      Conjuration                  4
 T - a book of Enchantments

   Spells                             Type                      Level
   a - Cause Fear                     Hexes                        4
   b - Yara's Violent Unravelling     Hexes/Transmutation          5
   c - Silence                        Hexes/Air                    5
   d - Deflect Missiles               Charms/Air                   6
   e - Discord                        Hexes                        8
Miscellaneous
 G - a lightning rod (4/4)
 H - a sack of spiders
Comestibles
 c - 11 bread rations
 l - 4 chunks of flesh
 m - 26 fruits
 C - 7 royal jellies
 E - 12 meat rations


   Skills:
 - Level 1.7 Dodging
 - Level 1.7 Stealth
 + Level 13.7 Spellcasting
 + Level 14.6 Conjurations
 + Level 13.8 Fire Magic


You had 16 spell levels left.
You knew the following spells:

 Your Spells              Type           Power        Failure   Level  Hunger
a - Flame Tongue          Conj/Fire      #####        0%          1    None
b - Conjure Flame         Conj/Fire      #######.     1%          3    None
c - Sticky Flame          Conj/Fire      #######.     1%          4    None
d - Fireball              Conj/Fire      #######...   1%          5    ##.....
e - Blink                 Tloc           N/A          8%          2    None
f - Fulminant Prism       Conj/Hex       ######....   1%          4    None
g - Bolt of Magma         Conj/Fire/Erth #######...   1%          5    ##.....


Dungeon Overview and Level Annotations

Branches:
Dungeon (15/15)            Temple (1/1) D:6            Lair (6/6) D:8
  Swamp (1/4) Lair:3        Snake (0/4) Lair:2        Slime (0/5) Lair:5
    Orc (1/2) D:10         Vaults (0/5) D:13
 Depths: D:15

Altars:
Ashenzari
Dithmenos
Elyvilon
Fedhas
Gozag
Makhleb
Nemelex Xobeh
Ru
Uskayaw
Vehumet
The Shining One
Jiyva

Shops:
D:4 [(   D:8 (?![

Annotations:
Orc:1 Dazliare's ghost, journeyman TrMo


Innate Abilities, Weirdness & Mutations

You have a pair of large horns on your head.
You are mostly covered in molten scales. (AC +3)
You regenerate health from kills.
You sometimes gain power by taking damage.
Your body sometimes deteriorates upon taking damage.
Your magical capacity is low. (-10% MP)
You are somewhat resistant to further mutation.


Message History

The fireball engulfs the thorn hunter.
The thorn hunter is burned terribly!
The thorn hunter is lightly damaged.
You smell burning wood.
The tree smoulders and burns.
The thorn hunter fires a volley of thorns at you.
The volley of thorns hits you!
* * * LOW HITPOINT WARNING * * *
The thorn hunter is engulfed in a cloud of scalding steam.
Casting: Fireball
Confirm with . or Enter, or press ? or * to list all spells.
Aiming: Fireball
Press: ? - help, Shift-Dir - straight line, f/p - thorn hunter
Aim: a thorn hunter (steam, lightly damaged)
You feel a surge of power!
The fireball explodes!
The fireball engulfs the thorn hunter.
The thorn hunter is burned terribly!
The thorn hunter is heavily damaged.
The tree smoulders and burns.
You feel sick.
The thorn hunter is engulfed in a cloud of scalding steam.
The thorn hunter fires a volley of thorns at you.
The volley of thorns hits you!
You die...

♣...≈≈≈....♣♣
...≈≈≈≈....♣
♣≈≈≈≈≈≈.>.≈♣
♣≈≈≈≈≈...♣
♣≈≈≈§§§..♣
♣♣.≈≈§§≈.♣♣ ...
♣♣..≈≈§§§≈.♣♣....
.♣♣♣.≈≈≈<≈§§@.≈...≈♣
≈≈n(.≈≈≈.§§..≈..$≈♣♣
.†≈≈≈≈≈.♣♣.§....≈≈.§
≈≈≈≈≈≈≈≈≈.≈≈≈..§§≈.♣
≈..≈≈≈≈≈..≈≈..§f..≈♣
≈.....≈..≈≈.≈♣§§§§≈.
..♣♣♣...≈≈≈..♣♣§§§≈.
♣ ♣♣..♣≈..♣♣ ♣♣§≈≈
♣♣♣♣♣♣♣≈


You could see a thorn hunter.

Vanquished Creatures
  2 entropy weavers (Lair:6)
  4 hydras
  4 vault guards (D:13)
  A merfolk avatar (Lair:6)
  5 two-headed ogres
  3 death yaks (Lair:6)
  A queen ant (Lair:6)
  Nergalle (Lair:4)
  Urug (Lair:4)
  A spriggan (Swamp:1)
  Sonja (D:13)
  An unseen horror (D:13)
  A deep elf mage (D:14)
  A harpy (Lair:6)
  An orc sorcerer (Orc:1)
  6 ugly things
  A cyclops (D:15)
  A centaur zombie (D:10)
  3 manticores
  2 black mambas
  Joseph (D:7)
  14 spiny frogs
  2 gargoyles
  5 rime drakes
  3 kobold demonologists
  A komodo dragon (shapeshifter) (D:10)
  A yaktaur (D:12)
  10 komodo dragons
  A troll (D:10)
  3 hornets
  A wind drake (Lair:6)
  7 polar bears
  The ghost of firebrand the Vexing, an amateur FoAM (D:4)
  A tyrant leech (Swamp:1)
  22 blink frogs
  A bog body (Swamp:1)
  10 hippogriffs
  Prince Ribbit (D:7)
  A shadow (D:11)
  4 wraiths
  38 yaks
  2 wyverns
  4 basilisks
  2 vampire mosquitoes (Swamp:1)
  A hungry ghost (D:8)
  Menkaure (D:7)
  A warg (D:10)
  7 nagas (Lair:2)
  24 soldier ants (Lair:6)
  10 water moccasins
  7 porcupines
  A swamp drake (Swamp:1)
  3 orc warriors
  Duvessa (D:7)
  A phantom (D:6)
  An eye of draining (D:11)
  3 sky beasts
  8 ogres
  2 necrophages
  4 wolves (Lair:1)
  7 centaurs
  8 crocodiles
  5 big kobolds
  22 bullfrogs
  Dowan (D:7)
  5 scorpions
  7 killer bees
  7 wights
  3 electric eels (Lair:3)
  A howler monkey (D:13)
  4 crimson imps
  A quasit (D:8)
  A bullfrog zombie (D:12)
  4 jellies
  Crazy Yiuf (D:7)
  A centaur skeleton (D:9)
  7 orc priests
  6 hounds
  9 orc wizards
  A bullfrog skeleton (D:7)
  6 iguanas
  23 worker ants
  2 hound zombies
  A hound skeleton (D:4)
  Robin (D:4)
  2 worker ant zombies
  3 gnolls (D:2)
  10 adders
  3 river rats (Sewer)
  2 shadow imps (D:6)
  6 oozes
  An adder zombie (D:6)
  An adder skeleton (D:8)
  3 worms
  2 dart slugs (D:2)
  3 leopard geckos
  16 orcs
  5 giant cockroaches
  25 goblins
  9 hobgoblins
  20 jackals
  5 quokkas
  9 bats
  7 frilled lizards
  18 kobolds
  21 rats
  A fungus (Lair:5)
  2 plants (Lair:6)
560 creatures vanquished.

Vanquished Creatures (others)
  4 fungi
  4 plants (Lair:6)
8 creatures vanquished.

Grand Total: 568 creatures vanquished

Notes
Turn   | Place    | Note
-------+----------+-------------------------------------------
     0 | D:1      | Dfrag the Demonspawn Fire Elementalist began the quest for the Orb.
     0 | D:1      | Reached XP level 1. HP: 13/13 MP: 3/3
   141 | D:1      | Gained mutation: You regenerate a little health from kills. [demonic ancestry]
   141 | D:1      | Reached XP level 2. HP: 18/19 MP: 3/5
   523 | D:1      | Gained mutation: You sometimes gain a little power by taking damage. [demonic ancestry]
   523 | D:1      | Reached XP level 3. HP: 24/24 MP: 3/6
   908 | D:2      | Reached skill level 2 in Conjurations
  1074 | D:2      | Learned a level 3 spell: Conjure Flame
  1170 | D:2      | Gained mutation: You are partially covered in molten scales. (AC +2) [demonic ancestry]
  1170 | D:2      | Reached XP level 4. HP: 8/30 MP: 3/8
  1309 | D:2      | Learned a level 4 spell: Sticky Flame
  1606 | D:2      | Found a glowing golden altar of the Shining One.
  2035 | D:3      | Found a glowing drain.
  2044 | Sewer    | Entered a sewer
  2056 | Sewer    | Gained mutation: You have a pair of small horns on your head. [demonic ancestry]
  2056 | Sewer    | Reached XP level 5. HP: 34/35 MP: 6/9
  2146 | Sewer    | Reached skill level 3 in Conjurations
  2183 | Sewer    | Found a glowing silver altar of Zin.
  2532 | D:3      | Reached XP level 6. HP: 25/41 MP: 11/11
  2864 | D:4      | Found Obood's Weapon Shop.
  2881 | D:4      | Found Quxzethre's Armour Shop.
  2899 | D:4      | Bought the cursed +1 leather armour of Pride {Int+3} for 173 gold pieces
  2953 | D:4      | Found a shadowy altar of Dithmenos.
  2964 | D:4      | Noticed firebrand's ghost (amateur FoAM)
  3009 | D:4      | Killed firebrand's ghost
  3009 | D:4      | Reached skill level 4 in Conjurations
  3111 | D:4      | Reached XP level 7. HP: 36/46 MP: 13/13
  3338 | D:4      | Reached skill level 5 in Fire Magic
  3410 | D:4      | Noticed Robin
  3427 | D:4      | Killed Robin
  3569 | D:4      | Found a sparkling altar of Nemelex Xobeh.
  3570 | D:4      | Found a shattered altar of Ashenzari.
  3784 | D:5      | Entered Level 5 of the Dungeon
  3995 | D:5      | Noticed a two-headed ogre
  4007 | D:5      | Killed a two-headed ogre
  4007 | D:5      | Reached skill level 5 in Spellcasting
  4007 | D:5      | Reached skill level 6 in Conjurations
  4007 | D:5      | Reached XP level 8. HP: 8/52 MP: 16/16
  4366 | D:5      | Learned a level 5 spell: Fireball
  4814 | D:6      | Gained mutation: You have a pair of horns on your head. [demonic ancestry]
  4814 | D:6      | Reached XP level 9. HP: 40/57 MP: 14/18
  4905 | D:6      | Gained mutation: You are dopey. (Int -2) [mutagenic meat]
  4906 | D:6      | Gained mutation: Your magical capacity is low. (-10% MP) [mutagenic meat]
  4907 | D:6      | Gained mutation: You are covered in fur. (AC +1) [mutagenic meat]
  4908 | D:6      | Lost mutation: You are dopey. (Int -2) [mutagenic meat]
  5033 | D:6      | Got a shimmering turquoise ring
  5035 | D:6      | Identified the ring of Summer {rC+ Str+4} (You found it on level 6 of the Dungeon)
  5076 | D:6      | Reached skill level 7 in Conjurations
  5088 | D:6      | Found a shadowy altar of Dithmenos.
  5252 | D:6      | Found a staircase to the Ecumenical Temple.
  5419 | Temple   | Entered the Ecumenical Temple
  5448 | Temple   | Became a worshipper of Vehumet
  5607 | D:7      | Found a runed door.
  5706 | D:7      | Noticed Crazy Yiuf
  5710 | D:7      | Killed Crazy Yiuf
  5760 | D:7      | Noticed Prince Ribbit
  5762 | D:7      | Noticed Menkaure
  5766 | D:7      | Killed Menkaure
  5769 | D:7      | Killed Prince Ribbit
  5977 | D:7      | Noticed Duvessa
  5977 | D:7      | Noticed Dowan
  5980 | D:7      | Killed Duvessa
  5983 | D:7      | Killed Dowan
  6486 | D:7      | Noticed Joseph
  6489 | D:7      | Killed Joseph
  6489 | D:7      | Reached skill level 8 in Conjurations
  6587 | D:8      | Found Obawkueho's Weapon Boutique.
  6598 | D:8      | Found Kisto's Distillery.
  6621 | D:8      | Bought a potion of degeneration for 13 gold pieces
  6660 | D:8      | Found Eddysy's Magic Scroll Shoppe.
  6665 | D:8      | Reached * piety under Vehumet
  6665 | D:8      | Offered knowledge of Freeze by Vehumet.
  6693 | D:8      | Bought a scroll of identify for 24 gold pieces
  6693 | D:8      | Bought a scroll of identify for 24 gold pieces
  6693 | D:8      | Bought a scroll of blinking for 90 gold pieces
  6693 | D:8      | Bought a scroll of noise for 12 gold pieces
  6778 | D:8      | Gained mutation: You are mostly covered in molten scales. (AC +3) [demonic ancestry]
  6778 | D:8      | Reached XP level 10. HP: 62/63 MP: 2/19
  6896 | D:8      | Found Rybo Raz's Armour Emporium.
  6948 | D:8      | Found a staircase to the Lair.
  7232 | D:8      | Got a faintly glowing falchion
  7233 | D:8      | Identified the cursed +2 falchion of the King {antimagic, Dex+3} (You found it on level 8 of the Dungeon)
  7790 | D:10     | Entered Level 10 of the Dungeon
  7874 | D:10     | Offered knowledge of Throw Frost by Vehumet.
  7874 | D:10     | Reached skill level 9 in Conjurations
  7880 | D:10     | Gained mutation: Your body sometimes deteriorates upon taking damage. [mutagenic meat]
  7881 | D:10     | Lost mutation: You are covered in fur. (AC +1) [mutagenic meat]
  7942 | D:10     | Reached ** piety under Vehumet
  7992 | D:10     | Noticed a two-headed ogre
  7996 | D:10     | Killed a two-headed ogre
  8053 | D:10     | Found a staircase to the Orcish Mines.
  8068 | D:10     | Noticed a two-headed ogre
  8084 | D:10     | Killed a two-headed ogre
  8149 | D:10     | Learned a level 2 spell: Blink
  8191 | D:10     | Gained mutation: You sometimes gain power by taking damage. [demonic ancestry]
  8191 | D:10     | Reached XP level 11. HP: 68/68 MP: 21/21
  8546 | D:10     | Reached skill level 10 in Conjurations
  8750 | D:11     | Offered knowledge of Dazzling Spray by Vehumet.
  8770 | D:11     | Noticed a two-headed ogre
  8773 | D:11     | Killed a two-headed ogre
  8798 | D:11     | Reached skill level 10 in Fire Magic
  9012 | D:11     | Reached *** piety under Vehumet
  9033 | D:11     | Gained mutation: You are somewhat resistant to further mutation. [mutagenic meat]
  9417 | D:11     | Noticed a green ugly thing
  9420 | D:11     | Killed a green ugly thing
  9423 | D:11     | Noticed a red ugly thing
  9424 | D:11     | Offered knowledge of Ignite Poison by Vehumet.
  9425 | D:11     | Reached skill level 10 in Spellcasting
  9822 | D:12     | Noticed a red ugly thing
 10405 | D:12     | Killed a red ugly thing
 10693 | D:12     | Reached skill level 11 in Conjurations
 10904 | D:13     | Noticed a two-headed ogre
 10912 | D:13     | Killed a two-headed ogre
 10980 | D:13     | You fall through a shaft for 2 floors!
 10980 | D:15     | Entered Level 15 of the Dungeon
 11097 | D:15     | Noticed a two-headed ogre
 11126 | D:14     | Reached **** piety under Vehumet
 11159 | D:13     | Found a gate to the Vaults.
 11159 | D:13     | Noticed a vault guard
 11159 | D:13     | Noticed a vault guard
 11159 | D:13     | Noticed a vault guard
 11160 | D:13     | Noticed a vault guard
 11160 | D:13     | Noticed an unseen horror
 11166 | D:13     | Killed an unseen horror
 11166 | D:13     | Gained mutation: You have a pair of large horns on your head. [demonic ancestry]
 11166 | D:13     | Reached XP level 12. HP: 34/74 MP: 24/24
 11167 | D:13     | Killed a vault guard
 11176 | D:13     | Killed a vault guard
 11176 | D:13     | Killed a vault guard
 11326 | D:13     | Noticed Sonja
 11328 | D:13     | Killed Sonja
 11328 | D:13     | Offered knowledge of Yara's Violent Unravelling by Vehumet.
 11476 | D:13     | Killed a vault guard
 12306 | D:14     | Reached skill level 12 in Conjurations
 12444 | Lair:1   | Entered Level 1 of the Lair of Beasts
 12478 | Lair:1   | Noticed an eight-headed hydra
 12482 | Lair:1   | Killed an eight-headed hydra
 13321 | Lair:2   | Gained mutation: You regenerate health from kills. [demonic ancestry]
 13321 | Lair:2   | Reached XP level 13. HP: 79/79 MP: 25/25
 13557 | Lair:2   | Reached ***** piety under Vehumet
 13560 | Lair:2   | Offered knowledge of Fulminant Prism by Vehumet.
 13739 | Lair:2   | Found a staircase to the Snake Pit.
 13952 | Lair:2   | Learned a level 4 spell: Fulminant Prism
 13957 | Lair:2   | Reached skill level 13 in Conjurations
 14431 | Lair:3   | Found a staircase to the Swamp.
 15217 | Lair:4   | Noticed Urug
 15220 | Lair:4   | Killed Urug
 15334 | Lair:4   | Noticed Nergalle
 15338 | Lair:4   | Killed Nergalle
 15851 | Lair:5   | Offered knowledge of Bolt of Magma by Vehumet.
 15867 | Lair:5   | Learned a level 5 spell: Bolt of Magma
 16198 | Lair:5   | Found a runed door.
 16198 | Lair:5   | Found a viscous altar of Jiyva.
 16202 | Lair:5   | Found a staircase to the Slime Pits.
 16503 | Lair:6   | Entered Level 6 of the Lair of Beasts
 16596 | Lair:5   | Reached XP level 14. HP: 78/85 MP: 2/27
 16818 | Lair:6   | Reached skill level 14 in Conjurations
 16960 | Lair:6   | Noticed an entropy weaver
 16967 | Lair:6   | Killed an entropy weaver
 17492 | Lair:6   | Noticed an entropy weaver
 17494 | Lair:6   | Killed an entropy weaver
 17807 | Lair:6   | Found a shadowy altar of Dithmenos.
 18411 | Orc:1    | Entered Level 1 of the Orcish Mines
 18411 | Orc:1    | Noticed Dazliare's ghost (journeyman TrMo)
 18592 | Swamp:1  | Entered Level 1 of the Swamp
 18603 | Swamp:1  | Offered knowledge of Bolt of Fire by Vehumet.
 18613 | Swamp:1  | Noticed a thorn hunter
 18616 | Swamp:1  | Killed from afar by a thorn hunter

Vault maps used:
D:1:      onia_arrival_larder, minivault_5, minmay_hexomino_c4
D:2:      kb_forest_paths, first_bread, minmay_misc_feat_iff,
          nicolae_tso_swordbearing_angel
D:3:      gup_sewer_entry_bubbles
D:4:      chequers_temple_overflow_statue_of_worship, serial_shops, shop,
          nicolae_shop_stone, grunt_dithmenos_smoke_and_mirrors, uniq_robin
D:5:      minmay_diamond_boxcup
D:6:      minmay_temple_entry_nine_rooms, basic_altar
D:7:      uniq_duvessa, uniq_prince_ribbit1, uniq_crazy_yiuf_cottage,
          uniq_menkaure, uniq_joseph
D:8:      dpeg_oklobed_lair, serial_shops, kennysheep_little_box, shop_statue,
          shop, shop, grunt_ogre_cave
D:10:     orc_0_dummy, feat_on_display
D:11:     nzn_random_ring
D:12:     serial_park_tiny_pond
D:13:     lightli_vaults_fourway_checkpoint, uniq_sonja
D:14:     hangedman_abyss_or_decor_clamps
D:15:     hangedman_depths_entry_civil_slaughter, serial_shops, shop
Temple:   regret_index_temple_chain_breaker
Lair:2:   minmay_snake_entry_guardpost_large
Lair:3:   minmay_swamp_entry_eels
Lair:4:   uniq_nergalle, uniq_urug
Lair:5:   slime_altar_2, lemuel_fruit_fields
Lair:6:   gammafunk_lair_ancient_temple, basic_altar, st_stairs_3, minivault_29
Swamp:1:  evilmike_swamp_ruin_rubble_1
Orc:1:    basic_altar, nicolae_for_you_no_charge
Sewer:    sewer_kobolds

Skill      XL: |  1  2  3  4  5  6  7  8  9 10 11 12 13 14 |
---------------+-------------------------------------------+-----
Fire Magic     | 3 4 6 8 9 10 12 13 | 13.8
Conjurations   | 2 3 4 6 8 9 11 12 13 14 | 14.6
Spellcasting   | 3 4 5 6 8 9 10 11 13 | 13.7
Dodging        | |  1.7
Stealth        | |  1.7

Action                   |  1- 3 |  4- 6 |  7- 9 | 10-12 | 13-15 || total
-------------------------+-------+-------+-------+-------+-------++-------
Melee: Unarmed           |    16 |       |       |       |       ||    16
       Spear             |    18 |    15 |    93 |       |       ||   126
       Headbutt          |       |       |     9 |    14 |    12 ||    35
       Dagger            |       |       |     2 |    91 |       ||    93
       Staff             |       |       |       |    23 |    64 ||    87
 Cast: Flame Tongue      |    65 |   107 |   183 |    69 |   109 ||   533
       Conjure Flame     |     1 |       |       |       |       ||     1
       Sticky Flame      |       |     1 |    31 |    47 |    75 ||   154
       Fireball          |       |       |     5 |   154 |   183 ||   342
  Use: Scroll            |       |       |     8 |    14 |    13 ||    35
 Stab: Sleeping          |       |     3 |       |       |       ||     3
  Eat: Chunk             |     1 |     7 |    19 |    55 |    30 ||   112
       Fruit             |       |       |       |     1 |       ||     1
Armor: Robe              |    12 |    17 |       |       |       ||    29
       Leather armour    |       |     3 |    81 |    70 |    67 ||   221
Dodge: Dodged            |    27 |    42 |   105 |    93 |    84 ||   351

Table legend:
 A = Spawn XP
 B = Non-spawn XP
 C = Spawn XP percentage of total XP
 D = Spawn monster count
 E = Non-spawn monster count
 F = Spawn count percentage of total count
 G = Total turns spent on level
                    A         B        C        D         E        F      G
               +---------+---------+-------+---------+---------+-------+---------
         Total |       0 |   89369 |   0.0 |       0 |     557 |   0.0 | 18616
               +---------+---------+-------+---------+---------+-------+---------
           D:1 |       0 |      53 |   0.0 |       0 |      32 |   0.0 |   871
           D:2 |       0 |      88 |   0.0 |       0 |      24 |   0.0 |   880
           D:3 |       0 |     144 |   0.0 |       0 |      29 |   0.0 |   984
           D:4 |       0 |     616 |   0.0 |       0 |      35 |   0.0 |   865
           D:5 |       0 |    1295 |   0.0 |       0 |      17 |   0.0 |   850
           D:6 |       0 |    1169 |   0.0 |       0 |      24 |   0.0 |   912
           D:7 |       0 |    1598 |   0.0 |       0 |      17 |   0.0 |   991
           D:8 |       0 |    1475 |   0.0 |       0 |      23 |   0.0 |   776
           D:9 |       0 |     520 |   0.0 |       0 |      11 |   0.0 |   538
          D:10 |       0 |    4911 |   0.0 |       0 |      22 |   0.0 |  1075
          D:11 |       0 |    5345 |   0.0 |       0 |      39 |   0.0 |  1228
          D:12 |       0 |    1936 |   0.0 |       0 |      12 |   0.0 |  1023
          D:13 |       0 |    8783 |   0.0 |       0 |      23 |   0.0 |  1144
          D:14 |       0 |    3541 |   0.0 |       0 |       9 |   0.0 |   110
          D:15 |       0 |     746 |   0.0 |       0 |       2 |   0.0 |   119
        Lair:1 |       0 |    5524 |   0.0 |       0 |      23 |   0.0 |   942
        Lair:2 |       0 |    8406 |   0.0 |       0 |      35 |   0.0 |  1116
        Lair:3 |       0 |    2362 |   0.0 |       0 |      13 |   0.0 |   643
        Lair:4 |       0 |    5115 |   0.0 |       0 |      14 |   0.0 |   798
        Lair:5 |       0 |    6144 |   0.0 |       0 |      32 |   0.0 |   940
        Lair:6 |       0 |   26229 |   0.0 |       0 |      98 |   0.0 |  1546
       Swamp:1 |       0 |    2527 |   0.0 |       0 |       8 |   0.0 |    24
         Orc:1 |       0 |     687 |   0.0 |       0 |       4 |   0.0 |     7
         Sewer |       0 |     155 |   0.0 |       0 |      11 |   0.0 |   184
               +---------+---------+-------+---------+---------+-------+---------
